cohdb
Replays
Latest Replays
All Replays
Popular Replays
Top Player Replays
Match Explorer
How It Works
Community
CoH3 Stats
Reddit
Sign in to upload your games and track your stats! →
Sign in with Steam
Match 35433978
Unlisted
Match 35433978
Overview
Messages
Build Orders
End
Construct Infanterie Kompanie
GrW 34 Mortar Team
MG 42 Machine Gun Team
GrW 34 Mortar Team
Construct Panzergrenadier Kompanie
Panzergrenadier Squad
Panzergrenadier Squad
251 Medium Carrier
Support Elements
StuG III G Assault Gun
Panzergrenadier Squad
badassbunny
whatislove
ikersus25
Mr.NooB
kerem
Henry Shi
Achilles Gaming @ YouTube
Field marshal Prince
0
0
Comments
sign in to comment!
No comments posted yet!